[Event "*** SCC Grand Prix: Titled Tuesday Blitz"]
[Site "Chess.com"]
[Date "2020.07.07"]
[Round "8"]
[White "ehrenfeld"]
[Black "IMKarimIsmael"]
[Result "1/2-1/2"]
[WhiteElo "2520"]
[BlackElo "2409"]
[TimeControl "180+1"]
[EndTime "11:34:37 PDT"]
[Termination "Game drawn by agreement"]

1. e4 e5 2. Nc3 Nf6 3. f4 d5 4.
fxe5 Nxe4 5. Qf3 Nxc3 6. bxc3 c5 7. Bb5+ Nc6 8. Qg3 Be6 9. Ne2 Qb6 10. Bxc6+ Qxc6 11. O-O h5 12. d4 h4 13. Qf2 h3 14.
g3 cxd4 15. Nxd4 Bc5 16. Nxc6 Bxf2+ 17. Kxf2 bxc6 18. Be3 Kd7 19. Rab1 Rhb8 20. a3 Kc8 21. Bc5 Rxb1 22. Rxb1 Rb8 23. Rb4 Rxb4 24. cxb4 a6 25. a4 Bf5 26. c3 Bc2 27. a5 1/2-1/2

[Event "*** SCC Grand Prix: Titled Tuesday Blitz"]
[Site "Chess.com"]
[Date "2020.07.07"]
[Round "8"]
[White "GAusal"]
[Black "Ermito2020"]
[Result "0-1"]
[WhiteElo "2087"]
[BlackElo "2452"]
[TimeControl "180+1"]
[EndTime "11:34:38 PDT"]
[Termination "Ermito2020 won by resignation"]

1. d4 d5 2. Bf4 Nf6 3. e3 g6 4. Nf3 Bg7 5. h3 c5 6. c3 Nc6 7. Be2 Ne4 8. Nbd2 Nxd2 9. Nxd2 Qb6 10. Qb3 c4 11. Qxb6 axb6 12. a3 b5 13. e4 e6 14.
Bf3 Ne7 15. Bd6 dxe4 16. Nxe4 Nd5 17. Bc5 b6 18. Bd6 Bb7 19. O-O Kd7 20. Bg3 Bc6 21. Nd6 f6 22. Ne4 h5 23. Nd2 h4 24. Bh2 Bh6 25. Bxd5 Bxd5 26. Nf3 g5 27. Rfe1 Rhg8 28. Rad1 g4 29. hxg4 Rxg4 30. Kf1 Rag8 31. Bb8 Rxb8 0-1

[Event "*** SCC Grand Prix: Titled Tuesday Blitz"]
[Site "Chess.com"]
[Date "2020.07.07"]
[Round "8"]
[White "sergiochess83"]
[Black "fmshawnrl123"]
[Result "1/2-1/2"]
[WhiteElo "2829"]
[BlackElo "2658"]
[TimeControl "180+1"]
[EndTime "11:34:39 PDT"]
[Termination "Game drawn by repetition"]

1. e4 c6 2. d4 d5 3. e5 Bf5 4.
Nf3 e6 5. Be2 Bb4+ 6. c3 Ba5 7.
O-O Nd7 8. Bd3 Ne7 9. Re1 O-O 10.
Bg5 Bxd3 11. Qxd3 Qe8 12. Nbd2 h6 13. Be3 Nf5 14. Nf1 Bc7 15. Ng3 Nxg3 16. hxg3 f6 17. exf6 Nxf6 18. Bf4 Bxf4 19. gxf4 Ne4 20. Nd2 Nxd2 21.
Qxd2 Qg6 22. Re5 Rf6 23. g3 Raf8 24. Kh2 Qg4 25. Rf1 Rxf4 26. gxf4 Qh4+ 27. Kg2 Qg4+ 28. Kh2 Qh4+ 29. Kg2 Qg4+ 30. Kh2 1/2-1/2

[Event "*** SCC Grand Prix: Titled Tuesday Blitz"]
[Site "Chess.com"]
[Date "2020.07.07"]
[Round "8"]
[White "Legendinunknown"]
[Black "ChronicUnhappiness"]
[Result "1-0"]
[WhiteElo "2558"]
[BlackElo "2419"]
[TimeControl "180+1"]
[EndTime "11:34:39 PDT"]
[Termination "Legendinunknown won by checkmate"]

1. e4 c5 2. Nf3 Nc6 3. d4 cxd4 4. Nxd4 Nf6 5. Nc3 e5 6. Ndb5 d6 7. a4 a6 8. Na3 Bg4 9. f3 Be6 10. Bg5 Be7 11. Bc4 Nxe4 12. Nxe4 Bxg5 13. Bxe6 fxe6 14. Qxd6 Qxd6 15. Nxd6+ Ke7 16. Ne4 Bh4+ 17. g3 Bf6 18. c3 Rhd8 19. Ke2 Na5 20. b4 Nc6 21. Nc4 b5 22.
Ne3 Rac8 23. axb5 axb5 24. Ra3 Nb8 25. Rha1 Nd7 26. Ra5 Nb6 27. Rxb5 Nd5 28. Rb7+ Rd7 29. Rxd7+ Kxd7 30. Ra7+ Kc6 31. Kd3 Rd8 32. Nxd5 exd5 33. Nxf6 gxf6 34. Rxh7 Rd6 35. Rh6 d4 36. c4 Kd7 37. g4 Ke7 38. h4 Ra6 39. g5 Ra3+ 40. Ke4 Re3+ 41. Kd5 d3 42. Rh7+ Kf8 43. Ke6 d2 44.
Rd7 Rxf3 45. gxf6 e4 46. Rd8# 1-0

[Event "*** SCC Grand Prix: Titled Tuesday Blitz"]
[Site "Chess.com"]
[Date "2020.07.07"]
[Round "8"]
[White "inegrepus"]
[Black "Godzillator"]
[Result "0-1"]
[WhiteElo "2177"]
[BlackElo "2354"]
[TimeControl "180+1"]
[EndTime "11:34:39 PDT"]
[Termination "Godzillator won by resignation"]

1. d4 d5 2. c4 c6 3. Nf3 Nf6 4. e3 Bf5 5. Nc3 a6 6. Qb3 b5 7.
cxd5 cxd5 8. Ne5 Nbd7 9. a4 Nxe5 10. dxe5 Nd7 11. axb5 Nxe5 12. bxa6 Nd3+ 13. Bxd3 Bxd3 14. Qxd5 Qxd5 15. Nxd5 Ra7 16. e4 Kd8 17. Be3 Rxa6 18. Rd1 Bc2 19. O-O Bxd1 20. Rxd1 e6 21. Bb6+ Kc8 22.
Rc1+ Kb7 23. Rc7+ Kb8 0-1

[Event "*** SCC Grand Prix: Titled Tuesday Blitz"]
[Site "Chess.com"]
[Date "2020.07.07"]
[Round "8"]
[White "if_name_main_a"]
[Black "annamaja"]
[Result "1-0"]
[WhiteElo "2394"]
[BlackElo "2261"]
[TimeControl "180+1"]
[EndTime "11:34:41 PDT"]
[Termination "if_name_main_a won by resignation"]

1. c4 e5 2. Nc3 Nf6 3. Nf3 Nc6 4. e4 Bc5 5. Nxe5 Nxe5 6. d4 Bxd4 7. Qxd4 Nc6 8. Qd1 h6 9. Be2 d6 10. O-O Be6 11. Be3 O-O 12. f4 Re8 13. Bf2 Bd7 14. Bh4 g5 15. fxg5 Nh7 16. Bh5 Rf8 17. Bxf7+ Kh8 18.
Qh5 Ne5 19. g6 Bg4 20. Qxh6 Rxf7 21. Bxd8 1-0

[Event "*** SCC Grand Prix: Titled Tuesday Blitz"]
[Site "Chess.com"]
[Date "2020.07.07"]
[Round "8"]
[White "Kobalia"]
[Black "Sanyura"]
[Result "1-0"]
[WhiteElo "2709"]
[BlackElo "2504"]
[TimeControl "180+1"]
[EndTime "11:34:46 PDT"]
[Termination "Kobalia won by resignation"]

1. e4 c5 2. Nf3 Nc6 3. Bb5 g6 4.
Bxc6 dxc6 5. O-O Bg7 6. d3 e5 7. a4 Qe7 8. a5 Nf6 9. h3 O-O 10. Qe1 Ne8 11. Na3 Nc7 12. Nc4 Nb5 13. Bd2 Nd4 14.
Nxd4 exd4 15. Bf4 Rd8 16. f3 Be6 17. b3 Bxc4 18. bxc4 b5 19. axb6 axb6 20. Qg3 Qb7 21. Bd6 Rxa1 22. Rxa1 b5 23. cxb5 Qxb5 24. Qg5 f6 25.
Qxc5 f5 26. Ra7 fxe4 27. fxe4 Qxc5 28. Bxc5 Rc8 29. Bd6 1-0

[Event "*** SCC Grand Prix: Titled Tuesday Blitz"]
[Site "Chess.com"]
[Date "2020.07.07"]
[Round "8"]
[White "Synctel"]
[Black "quesfr"]
[Result "0-1"]
[WhiteElo "1932"]
[BlackElo "2208"]
[TimeControl "180+1"]
[EndTime "11:34:55 PDT"]
[Termination "quesfr won on time"]

1. d4 d5 2. Nf3 Nf6 3. Bf4 c5 4.
c3 Nc6 5. e3 Qb6 6. Qb3 c4 7.
Qxb6 axb6 8. Nbd2 b5 9. a3 b4 10. cxb4 Nxb4 11. Rc1 Nc6 12. h3 Bf5 13. g4 Bg6 14. Nh4 e6 15. Nxg6 hxg6 16. Bg2 b5 17. Ke2 b4 18. Nxc4 bxa3 19. Nxa3 Kd7 20. Nb5 Ra5 21.
Nc3 Bd6 22. Bxd6 Kxd6 23. Ra1 Rb8 24. Rxa5 Rxb2+ 25. Kf3 Nxa5 0-1

[Event "*** SCC Grand Prix: Titled Tuesday Blitz"]
[Site "Chess.com"]
[Date "2020.07.07"]
[Round "8"]
[White "maximnovik"]
[Black "Yoshikrov"]
[Result "1-0"]
[WhiteElo "2510"]
[BlackElo "2108"]
[TimeControl "180+1"]
[EndTime "11:34:57 PDT"]
[Termination "maximnovik won by checkmate"]

1. d4 Nf6 2. Bg5 d5 3. Bxf6 exf6 4. e3 Bd6 5. Bd3 Nc6 6. c3 Be6 7. Qf3 Qd7 8. h3 O-O 9. Nd2 Ne7 10. g4 c6 11. Ne2 Rfe8 12. O-O-O b5 13. Rdg1 b4 14. h4 bxc3 15. Nxc3 c5 16. g5 cxd4 17. gxf6 Nf5 18. Rxg7+ Nxg7 19. Rg1 Bf8 20. Qh5 Bf5 21. Bxf5 h6 22.
Qxh6 Qxf5 23. Rxg7+ Bxg7 24. Qxg7# 1-0

[Event "*** SCC Grand Prix: Titled Tuesday Blitz"]
[Site "Chess.com"]
[Date "2020.07.07"]
[Round "8"]
[White "NikolaGry"]
[Black "Savva09022009"]
[Result "1-0"]
[WhiteElo "2617"]
[BlackElo "2458"]
[TimeControl "180+1"]
[EndTime "11:34:59 PDT"]
[Termination "NikolaGry won on time"]

1. d4 Nf6 2. Bg5 e6 3. Nd2 Be7 4. e3 O-O 5. f4 d5 6. Bd3 c5 7. c3 Nc6 8. Bxf6 cxd4 9. Bxe7 Qxe7 10. exd4 f6 11. Ngf3 e5 12. fxe5 fxe5 13. dxe5 Nxe5 14.
Nxe5 Qxe5+ 15. Qe2 Qd6 16. O-O-O a5 17. Rhf1 Rd8 18.
Nf3 Bg4 19. Bxh7+ Kh8 20. Bc2 a4 21. a3 Rd7 22. Rd4 Be6 23. Rh4+ Kg8 24. Ng5 Re8 25.
Rh8+ 1-0

[Event "*** SCC Grand Prix: Titled Tuesday Blitz"]
[Site "Chess.com"]
[Date "2020.07.07"]
[Round "8"]
[White "Khazieva_Elza"]
[Black "grandcoach"]
[Result "1-0"]
[WhiteElo "2280"]
[BlackElo "2114"]
[TimeControl "180+1"]
[EndTime "11:34:59 PDT"]
[Termination "Khazieva_Elza won on time"]

1. e4 c5 2. Nf3 Nc6 3. d3 g6 4. g3 Bg7 5. Bg2 e5 6. O-O Nge7 7. Nc3 O-O 8. Nd2 d6 9. Nc4 f5 10. Nb5 Rf6 11. Bg5 Re6 12. exf5 gxf5 13. Bd5 Nd4 14. Nbxd6 e4 15. dxe4 fxe4 16. Bxe7 Qxe7 17. Nxe4 Kh8 18. Bxe6 Bxe6 19. Ncd6 Rd8 20. c3 Nc6 21. Re1 Qd7 22.
Nxc5 Qxd6 23. Qxd6 Rxd6 24. Nxe6 1-0

[Event "*** SCC Grand Prix: Titled Tuesday Blitz"]
[Site "Chess.com"]
[Date "2020.07.07"]
[Round "8"]
[White "ValentinDragnev"]
[Black "Chernobay_Artem"]
[Result "0-1"]
[WhiteElo "2736"]
[BlackElo "2630"]
[TimeControl "180+1"]
[EndTime "11:35:01 PDT"]
[Termination "Chernobay_Artem won by checkmate"]

1. e4 c5 2. b3 Nc6 3. Bb2 e5 4.
Nf3 d6 5. Bb5 Ne7 6. O-O a6 7.
Be2 g6 8. a4 Bg7 9. Na3 O-O 10.
Nc4 f5 11. exf5 Nxf5 12. d3 Qc7 13. Nfd2 d5 14. Ne3 Be6 15. Nxf5 gxf5 16. Re1 Rae8 17. Bh5 Re7 18. Nf3 e4 19. Bxg7 Rxg7 20. Nd2 Kh8 21. Kh1 Rf6 22. c4 Rh6 23. cxd5 Bf7 24. dxc6 Bxh5 25. Qc1 Qxh2+ 26. Kxh2 Bf3+ 27. Kg1 Rxg2+ 28. Kf1 Rh1# 0-1

[Event "*** SCC Grand Prix: Titled Tuesday Blitz"]
[Site "Chess.com"]
[Date "2020.07.07"]
[Round "8"]
[White "ChessicallyInclined"]
[Black "1977Ivan"]
[Result "0-1"]
[WhiteElo "2491"]
[BlackElo "2680"]
[TimeControl "180+1"]
[EndTime "11:35:04 PDT"]
[Termination "1977Ivan won by resignation"]

1. d4 Nf6 2. c4 e6 3. Nc3 Bb4 4. e3 c5 5. Ne2 b6 6. a3 Ba5 7.
Rb1 Na6 8. g3 cxd4 9. exd4 Bb7 10. d5 Bxc3+ 11. Nxc3 O-O 12. Be2 exd5 13. cxd5 Nc7 14.
Bf3 Ba6 15. b4 Bc4 16. Be3 Rc8 17. Qd4 Nb5 18. Nxb5 Bxb5 19. Qd2 Re8 20. h4 Ne4 21. Bxe4 Rxe4 22. f3 Rec4 23. Rb2 Rc3 24. Kf2 Rd3 25. Qe1 Qf6 26. Rd2 Rxa3 27. Kg2 Re8 28. Bd4 Qxf3+ 0-1

[Event "*** SCC Grand Prix: Titled Tuesday Blitz"]
[Site "Chess.com"]
[Date "2020.07.07"]
[Round "8"]
[White "Veiso"]
[Black "dosto07"]
[Result "1-0"]
[WhiteElo "2381"]
[BlackElo "2210"]
[TimeControl "180+1"]
[EndTime "11:35:04 PDT"]
[Termination "Veiso won by checkmate"]

1. d4 d5 2. c4 dxc4 3. Nf3 Nf6 4. e3 e6 5. Bxc4 c5 6. Nc3 a6 7. O-O Nc6 8. a4 Be7 9. Qe2 cxd4 10. Rd1 e5 11.
Bxf7+ Kxf7 12. Qc4+ Kg6 13. Nh4+ Kh5 14. Qf7+ Kxh4 15.
g3+ Kh3 16. exd4 Nxd4 17. Qxg7 Ng4 18. Qf7 Rf8 19. Qh5+ Bh4 20. Rxd4 exd4 21. Ne4 Rf5 22. Qxh7 Qe8 23. Qxh4# 1-0

[Event "*** SCC Grand Prix: Titled Tuesday Blitz"]
[Site "Chess.com"]
[Date "2020.07.07"]
[Round "8"]
[White "luizwas"]
[Black "HarryCun"]
[Result "0-1"]
[WhiteElo "1820"]
[BlackElo "2177"]
[TimeControl "180+1"]
[EndTime "11:35:04 PDT"]
[Termination "HarryCun won by resignation"]

1. e4 c6 2. d4 d5 3. Nc3 dxe4 4. Nxe4 Bf5 5. Ng3 Bg6 6. Nf3 Nf6 7. c3 e6 8. Bg5 h6 9. Bh4 Nbd7 10. Bd3 Bxd3 11.
Qxd3 Be7 12. O-O Nd5 13. Bxe7 Qxe7 14. Rfe1 O-O 15. Ne5 Nxe5 16. Rxe5 Nf6 17. Rae1 Rfd8 18. Ne4 Nxe4 19. Qxe4 Qc7 20. Qg4 Rd5 21. Rxd5 cxd5 22. Re3 Qb6 23. b3 Qa5 24. a4 Qb6 25. b4 Qa6 26. a5 Qc4 27. Rg3 g6 28. Rh3 Qb3 29. g3 Rc8 30. Rxh6 Rxc3 31. Rxg6+ fxg6 32. Qxg6+ Kf8 33. Qf6+ Ke8 34. Qxe6+ Kd8 35. Qd6+ Kc8 36. Qf8+ Kc7 37. Qe7+ Kc6 38. Qe8+ Kd6 39. Qd8+ Kc6 40. Qe8+ Kc7 41. Qe7+ Kb8 42. Qd6+ Rc7 43. Qf8+ Rc8 44. Qf4+ Ka8 45. Qd6 Qb1+ 46. Kg2 Qe4+ 47. f3 Qe2+ 48. Kh3 Rh8+ 49.
Kg4 Qxh2 50. Qxd5 Qh3+ 51. Kf4 Rf8+ 52. Ke3 Qxg3 53. Qe4 Qe1+ 0-1

[Event "*** SCC Grand Prix: Titled Tuesday Blitz"]
[Site "Chess.com"]
[Date "2020.07.07"]
[Round "8"]
[White "Kildepiotr"]
[Black "TheBigBoss04"]
[Result "0-1"]
[WhiteElo "2619"]
[BlackElo "2755"]
[TimeControl "180+1"]
[EndTime "11:35:05 PDT"]
[Termination "TheBigBoss04 won by resignation"]

1. Nf3 Nf6 2. g3 g6 3. Bg2 Bg7 4. O-O O-O 5. d4 d5 6. c4 c6 7. Nc3 dxc4 8. a4 Nd5 9. e4 Nb4 10. Be3 b6 11. Qe2 Ba6 12. Rfd1 Nd7 13. Ne5 Nxe5 14.
dxe5 Qc7 15. f4 Rad8 16. Bf1 Nd3 17. Qg2 e6 18. Rd2 Rd7 19. Rad1 Rfd8 20. h4 b5 21. axb5 cxb5 22. Ra1 Qc6 23. Na2 Bb7 24. Bxd3 cxd3 25. Nb4 Qc4 26. Na6 Bxe4 27. Qf2 Bc6 28. Nc5 Rd5 29.
Rxa7 Bf8 30. Na6 R5d7 31. Rxd7 Qe4 32. Qh2 Qxe3+ 0-1

[Event "*** SCC Grand Prix: Titled Tuesday Blitz"]
[Site "Chess.com"]
[Date "2020.07.07"]
[Round "8"]
[White "Beca95"]
[Black "FlamingPhoenix123"]
[Result "1-0"]
[WhiteElo "2883"]
[BlackElo "2426"]
[TimeControl "180+1"]
[EndTime "11:35:05 PDT"]
[Termination "Beca95 won by resignation"]

1. d4 Nf6 2. c4 e6 3. Nc3 Bb4 4. Qc2 d5 5. cxd5 Qxd5 6. e3 c5 7. a3 Bxc3+ 8. bxc3 Nc6 9. Bb2 e5 10. c4 Qd8 11. d5 Ne7 12. Bxe5 Ng6 13. Bc3 Qe7 14.
a4 O-O 15. Bd3 Nf4 16. Bf1 Ne4 17. Ne2 Ng6 18. Bb2 Bf5 19. Qb3 Rae8 20. f3 Nd6 21. e4 Bxe4 22. fxe4 Qxe4 23. Qc3 f6 24. O-O-O Nxc4 25. Ng3 Qf4+ 26. Kb1 Ne3 27. Bb5 Nxd1 28. Rxd1 Re3 29.
Qxc5 Rb3 30. Bc4 Rb6 31. d6+ Kh8 32. d7 Rd8 33. Bb5 a6 34. Qxb6 1-0

[Event "*** SCC Grand Prix: Titled Tuesday Blitz"]
[Site "Chess.com"]
[Date "2020.07.07"]
[Round "8"]
[White "AwareIdea"]
[Black "floplover"]
[Result "1-0"]
[WhiteElo "2478"]
[BlackElo "2308"]
[TimeControl "180+1"]
[EndTime "11:35:06 PDT"]
[Termination "AwareIdea won by resignation"]

1. d4 d5 2. Nc3 e6 3. Bf4 Bd6 4. Bg3 Nf6 5. e3 O-O 6. Bd3 Nc6 7. a3 a6 8. Nge2 e5 9. dxe5 Nxe5 10. Qd2 c5 11.
Nf4 Bc7 12. Nfxd5 Bb8 13. Bh4 Ned7 14. O-O-O Be5 15. Bf5 Bxc3 16. Nxc3 Qc7 17. Bxd7 Nxd7 18. Nd5 Qe5 19. Bg3 Qh5 20. Ne7+ Kh8 21. Nxc8 1-0

[Event "*** SCC Grand Prix: Titled Tuesday Blitz"]
[Site "Chess.com"]
[Date "2020.07.07"]
[Round "8"]
[White "GameOverBro"]
[Black "SahajGrover"]
[Result "0-1"]
[WhiteElo "2500"]
[BlackElo "2669"]
[TimeControl "180+1"]
[EndTime "11:35:07 PDT"]
[Termination "SahajGrover won by resignation"]

1. e4 e6 2. d4 d5 3. Nd2 c5 4. exd5 Qxd5 5. Ngf3 Nf6 6. Bc4 Qh5 7. O-O Nc6 8. dxc5 Bxc5 9. Nb3 Bb6 10. Qd6 Ne4 11.
Qf4 Nf6 12. Qd6 Bd7 13. Bf4 O-O-O 14. Rad1 Ne4 15. Qa3 g5 16. Bd6 g4 17. Nfd4 Nxd6 18.
Nxc6 Bxc6 19. Rxd6 Rxd6 20. Qxd6 Bc7 21. Bxe6+ fxe6 22. Qxe6+ Bd7 0-1

[Event "*** SCC Grand Prix: Titled Tuesday Blitz"]
[Site "Chess.com"]
[Date "2020.07.07"]
[Round "8"]
[White "Future2700"]
[Black "Sueetin"]
[Result "0-1"]
[WhiteElo "2411"]
[BlackElo "2312"]
[TimeControl "180+1"]
[EndTime "11:35:07 PDT"]
[Termination "Sueetin won by resignation"]

1. e4 e6 2. d4 d5 3. Nd2 Be7 4. e5 c5 5. c3 Nc6 6. Ngf3 Bd7 7. Bd3 Qb6 8. O-O cxd4 9. cxd4 g5 10. a3 g4 11. Ne1 Qxd4 12. Be2 h5 13. Nc2 Qxe5 14. Re1 Nf6 15. Bd3 Qc7 16. Nb3 Bd6 17.
Ncd4 Bxh2+ 18. Kh1 O-O-O 19. Nb5 Qb8 20. Be3 Bf4 21. Rc1 Bxe3 22. Rxe3 h4 23. Nc5 g3 24. Bf1 h3 25. Rxg3 hxg2+ 26. Kxg2 Nh5 27. Rf3 Nf4+ 28.
Kg1 Rdg8+ 29. Rg3 Nh3+ 30. Bxh3 Rxg3+ 31. fxg3 Rxh3 32. Rc3 Rxg3+ 33. Rxg3 Qxg3+ 34. Kf1 Qf4+ 35. Kg1 Qe3+ 36. Kg2 Qxc5 0-1

[Event "*** SCC Grand Prix: Titled Tuesday Blitz"]
[Site "Chess.com"]
[Date "2020.07.07"]
[Round "8"]
[White "AndrewDGreen"]
[Black "ThePatrick27"]
[Result "1-0"]
[WhiteElo "2357"]
[BlackElo "2498"]
[TimeControl "180+1"]
[EndTime "11:35:08 PDT"]
[Termination "AndrewDGreen won by resignation"]

1. d4 Nf6 2. Nf3 g6 3. Nc3 Bg7 4. e4 d6 5. Be3 O-O 6. Qd2 Ng4 7. Bg5 c6 8. h3 Nf6 9. Bh6 Qa5 10. h4 Bxh6 11.
Qxh6 Nxe4 12. Ng5 Nf6 13. O-O-O Nbd7 14. h5 Qf5 15. Bd3 Qf4+ 16. Kb1 Rd8 17. hxg6 fxg6 18. Bxg6 Nf8 19. Bf7+ Kh8 20. Bc4 Ng6 21. Qxg6 1-0

[Event "*** SCC Grand Prix: Titled Tuesday Blitz"]
[Site "Chess.com"]
[Date "2020.07.07"]
[Round "8"]
[White "PaulfromSPb"]
[Black "fighter2jz"]
[Result "1-0"]
[WhiteElo "2636"]
[BlackElo "2805"]
[TimeControl "180+1"]
[EndTime "11:35:11 PDT"]
[Termination "PaulfromSPb won by resignation"]

1. d4 Nf6 2. Bf4 g6 3. Nd2 d5 4.
e3 Bg7 5. c3 Nbd7 6. h3 b6 7.
Ngf3 Bb7 8. Bd3 c5 9. Qe2 O-O 10. O-O Ne4 11. Bh2 a6 12. a4 Re8 13. Rfd1 Qc8 14. Rac1 e5 15. dxe5 Nxd2 16. Rxd2 Nxe5 17. Nxe5 Bxe5 18. Bxe5 Rxe5 19. Qg4 Qc6 20. Be2 Re4 21. Qg5 Rae8 22. Bf3 R4e5 23. Qh4 Qe6 24. Rcd1 Bc6 25. a5 bxa5 26. c4 d4 27. Bxc6 dxe3 28. Bxe8 exd2 29.
Ba4 Re1+ 30. Kh2 Qe2 31. Qd8+ Kg7 32. Qxd2 1-0

[Event "*** SCC Grand Prix: Titled Tuesday Blitz"]
[Site "Chess.com"]
[Date "2020.07.07"]
[Round "8"]
[White "RaphCamora"]
[Black "N00bM3ster"]
[Result "0-1"]
[WhiteElo "2457"]
[BlackElo "2613"]
[TimeControl "180+1"]
[EndTime "11:35:16 PDT"]
[Termination "N00bM3ster won by checkmate"]

1. e4 c5 2. Nf3 e6 3. d4 cxd4 4. Nxd4 Nc6 5. Nc3 Qc7 6. Be3 a6 7. Qf3 Bd6 8. O-O-O Be5 9. g3 Nge7 10. Qe2 b5 11. f4 Nxd4 12. Bxd4 Bxd4 13. Rxd4 Nc6 14.
Rd1 O-O 15. Bg2 d6 16. Rd2 Bb7 17. Rhd1 Rad8 18. Qe3 b4 19. Ne2 Na5 20. b3 Nc6 21. Kb2 a5 22. Nd4 a4 23. Nb5 Qa5 24. Nxd6 axb3 25.
cxb3 Ba6 26. e5 Ne7 27. Nc4 Bxc4 28. Rxd8 Rxd8 29. Rxd8+ Qxd8 30. bxc4 Nf5 31. Qf2 Qd3 32. c5 Qc3+ 33. Kb1 Ne3 34. c6 Qd3+ 35. Ka1 Qd1+ 36. Kb2 Nc4# 0-1

[Event "*** SCC Grand Prix: Titled Tuesday Blitz"]
[Site "Chess.com"]
[Date "2020.07.07"]
[Round "8"]
[White "PSvidler"]
[Black "pastouche06"]
[Result "1-0"]
[WhiteElo "2984"]
[BlackElo "2522"]
[TimeControl "180+1"]
[EndTime "11:35:17 PDT"]
[Termination "PSvidler won by resignation"]

1. e4 c6 2. d4 d5 3. Nd2 dxe4 4. Nxe4 Nf6 5. Nxf6+ exf6 6. c3 Bd6 7. Bd3 O-O 8. Qc2 Re8+ 9. Be3 h5 10. Nf3 Nd7 11. h3 Nf8 12. g4 Bf4 13. O-O-O Bxe3+ 14. fxe3 Qd5 15. e4 Qxa2 16. gxh5 c5 17. Qg2 Qa1+ 18. Kc2 Qa4+ 19. Kb1 cxd4 20. Rhg1 g6 21. hxg6 fxg6 22. e5 f5 23. Nxd4 Be6 24. Nxe6 Rxe6 25. Bxf5 Ra6 26. Qxb7 Qa1+ 27. Kc2 Qa4+ 28. Kc1 Qa1+ 29. Kd2 Rd8+ 30. Ke2 Rxd1 31. Rxd1 Qa5 32. Be4 Rb6 33. Qd5+ Qxd5 34. Bxd5+ Kg7 35. b4 Nd7 36. e6 1-0

[Event "*** SCC Grand Prix: Titled Tuesday Blitz"]
[Site "Chess.com"]
[Date "2020.07.07"]
[Round "8"]
[White "Durarbayli"]
[Black "SGchess01"]
[Result "1-0"]
[WhiteElo "2809"]
[BlackElo "2637"]
[TimeControl "180+1"]
[EndTime "11:35:17 PDT"]
[Termination "Durarbayli won by resignation"]

1. e4 c5 2. Nf3 d6 3. d4 cxd4 4. Nxd4 Nf6 5. Nc3 Nc6 6. Bc4 Qb6 7. Ndb5 a6 8. Be3 Qd8 9. Nd4 Ng4 10. Nxc6 bxc6 11. Qf3 Ne5 12. Qe2 e6 13. Bb3 Be7 14. f4 Nd7 15. O-O-O O-O 16. h4 d5 17. h5 h6 18. g4 a5 19. g5 hxg5 20. fxg5 Nc5 21. h6 g6 22. h7+ Kh8 23. Bd4+ f6 24. gxf6 Rxf6 25. exd5 exd5 26. Bxd5 cxd5 27. Nxd5 Ne6 28. Bc3 1-0

[Event "*** SCC Grand Prix: Titled Tuesday Blitz"]
[Site "Chess.com"]
[Date "2020.07.07"]
[Round "8"]
[White "Balla_Tamas"]
[Black "MFBerna"]
[Result "1-0"]
[WhiteElo "2517"]
[BlackElo "2389"]
[TimeControl "180+1"]
[EndTime "11:35:19 PDT"]
[Termination "Balla_Tamas won on time"]

1. d4 Nf6 2. Bf4 e6 3. e3 Be7 4.
c3 b6 5. h3 Bb7 6. Nf3 d6 7.
Nbd2 Nbd7 8. Bd3 O-O 9. Bh2 c5 10. O-O Rc8 11. Qe2 Re8 12. e4 cxd4 13. cxd4 Nf8 14.
a4 Ng6 15. a5 d5 16. e5 Nd7 17. Nb3 Bb4 18. a6 Ba8 19. Bb5 Bc6 20. Bd3 Ndf8 21.
Rfc1 Qd7 22. h4 Ba4 23. Nbd2 Rxc1+ 24. Rxc1 Rc8 25. Rxc8 Qxc8 26. h5 Qc1+ 27. Nf1 Nf4 28. Bxf4 Qxf4 29. Bb5 Bb3 30. Qd3 Ba2 31. Qc2 Qe4 32.
Qc7 Qb1 33. Qxa7 Qxb2 34. Qxb6 Qa3 35. a7 1-0

[Event "*** SCC Grand Prix: Titled Tuesday Blitz"]
[Site "Chess.com"]
[Date "2020.07.07"]
[Round "8"]
[White "tlomigtlis"]
[Black "Makswolf200817"]
[Result "1/2-1/2"]
[WhiteElo "2372"]
[BlackElo "2498"]
[TimeControl "180+1"]
[EndTime "11:35:24 PDT"]
[Termination "Game drawn by agreement"]

1. d4 d5 2. c4 e6 3. Nc3 c6 4. e4 dxe4 5. Nxe4 Bb4+ 6. Bd2 Qxd4 7. Bxb4 Qxe4+ 8. Ne2 Na6 9. Bf8 Qe5 10. Qd2 Bd7 11. Bd6 Qe4 12. O-O-O O-O-O 13. Nc3 Qh4 14. c5 Nf6 15. Bg3 Qb4 16. Qd6 Qxc5 17. Bxa6 Qxd6 18.
Rxd6 bxa6 19. Rhd1 Nd5 20. Ne4 Be8 21. Rxd8+ Kxd8 22. Bb8 f6 23. Bxa7 Bg6 24. Nc5 Ke7 25. Nxa6 Ra8 26. Bc5+ Ke8 27. Nb4 Nxb4 28. Bxb4 Rxa2 29. Ba3 Ra1+ 30. Kd2 Rxd1+ 31. Kxd1 Be4 32. f3 Bd5 33.
Kd2 Kd7 34. Ke3 e5 35. Bc5 Ke6 36. b4 f5 37. g3 g5 38. f4 exf4+ 39. gxf4 g4 40. Kd4 h5 41. Ke3 h4 42. Kf2 Bf3 43.
Bf8 Kd5 44. Be7 h3 45. Kg3 Ke4 46. Bc5 Kd3 47. Be7 Ke2 48. Bc5 Kf1 49. Be7 1/2-1/2

[Event "*** SCC Grand Prix: Titled Tuesday Blitz"]
[Site "Chess.com"]
[Date "2020.07.07"]
[Round "8"]
[White "chalowey97"]
[Black "Malysch"]
[Result "0-1"]
[WhiteElo "2177"]
[BlackElo "2459"]
[TimeControl "180+1"]
[EndTime "11:35:24 PDT"]
[Termination "Malysch won on time"]

1. d4 d5 2. Nf3 e6 3. e3 c5 4. b3 Nc6 5. Bb2 Nf6 6. Bd3 Be7 7. O-O O-O 8. c4 dxc4 9. bxc4 cxd4 10. exd4 b6 11. Nbd2 Bb7 12. a3 Rc8 13. Re1 Qc7 14.
Qc2 Rfd8 15. Rad1 h6 16. Qb1 Qb8 17. Qa1 Nh5 18. Be4 Bf6 19. d5 exd5 20. Bxd5 Bxb2 21.
Qxb2 Nf4 22. Ne4 Nxd5 23. cxd5 Na5 24. Qd2 Rxd5 25. Qxd5 Bxd5 26. Rxd5 Nc4 27. a4 Re8 28. Rd4 Ne5 29. Nxe5 Rxe5 30. f3 f5 0-1

[Event "*** SCC Grand Prix: Titled Tuesday Blitz"]
[Site "Chess.com"]
[Date "2020.07.07"]
[Round "8"]
[White "cukin84"]
[Black "alexsergeyev"]
[Result "0-1"]
[WhiteElo "2174"]
[BlackElo "2343"]
[TimeControl "180+1"]
[EndTime "11:35:25 PDT"]
[Termination "alexsergeyev won by resignation"]

1. e4 e5 2. Nf3 Nf6 3. Nxe5 d6 4. Nf3 Nxe4 5. d4 d5 6. Bd3 Nc6 7. O-O Be7 8. c4 Nf6 9. Nc3 Be6 10. Ng5 Nxd4 11. cxd5 Bxd5 12. Nxd5 Qxd5 13. Re1 Nc6 14. Bf4 h6 15. Nf3 O-O-O 16. Rxe7 Nxe7 17. Qc2 Qc6 18. Qe2 Ned5 19. Bd2 Rhe8 20. Bf5+ Kb8 21. Ne5 Qd6 22.
f4 Ne7 23. Nc4 Qc5+ 24. Be3 Qxf5 25. Rc1 Nc6 26. Qf2 Ng4 27. Qf3 Nxe3 28. Nxe3 Qe4 0-1

[Event "*** SCC Grand Prix: Titled Tuesday Blitz"]
[Site "Chess.com"]
[Date "2020.07.07"]
[Round "8"]
[White "ChessSwole"]
[Black "Roman_Ovetchkin"]
[Result "0-1"]
[WhiteElo "2423"]
[BlackElo "2573"]
[TimeControl "180+1"]
[EndTime "11:35:26 PDT"]
[Termination "Roman_Ovetchkin won by resignation"]

1. b3 Nf6 2. Bb2 g6 3. g3 Bg7 4. Bg2 O-O 5. Nf3 d6 6. O-O e5 7.
c4 Nc6 8. Nc3 Nh5 9. e3 f5 10.
d4 e4 11. Nd2 Nb4 12. Rb1 c5 13. d5 Nd3 14. Ba1 a6 15. Ne2 Bxa1 16. Rxa1 g5 17.
Nc1 Ne5 18. Qxh5 Qf6 19. Rb1 b5 20. Qe2 g4 21. Qd1 h5 22. Ne2 h4 23. Nf4 h3 24.
Bh1 Bd7 25. Qc2 b4 26. Nxe4 fxe4 27. Bxe4 Bf5 28. Bxf5 Nf3+ 29. Kh1 Qxf5 30. Qxf5 Rxf5 31. Rfd1 a5 32. Ra1 a4 33. a3 axb3 34. axb4 Rxa1 35. Rxa1 cxb4 36. Rb1 Rf7 37. Rxb3 Ra7 38. Rb1 Ra2 39. Nd3 Rd2 0-1